 Dungeon Crawl Stone Soup version 0.25-a0-184-gcd15a05269 (webtiles) character file.

Game seed: 697534222919128400, levelgen mode: deterministic

42 RedPan the Digger (level 3, -1/19 HPs)
             Began as a Gargoyle Earth Elementalist on Nov 27, 2019.
             Slain by a worm (10 damage)
             ... on level 3 of the Dungeon.
             The game lasted 00:05:57 (2094 turns).

RedPan the Digger (Gargoyle Earth Elementalist)     Turns: 2094, Time: 00:05:58

Health: -1/19      AC:  5    Str: 14    XL:     3   Next: 56%
Magic:  6/7        EV: 12    Int: 19    God:
Gold:   74         SH:  0    Dex: 10    Spells: 6/7 levels left

rFire    . . .     SeeInvis .   a - +0 morningstar
rCold    . . .     Gourm    .   (no shield)
rNeg     + . .     Faith    .   c - +0 robe
rPois    ∞         Spirit   .   (no helmet)
rElec    +         Reflect  .   (no cloak)
rCorr    .         Harm     .   (no gloves)
MR       .....                  (no boots)
Stlth    ++........             (no amulet)
HPRegen  0.06/turn              k - +3 ring of strength
MPRegen  0.10/turn              l - +3 ring of intelligence

@: no status effects
A: negative energy resistance 1, electricity resistance, unbreathing,
petrification resistance, rot immunity, AC +3
a: no special abilities


You were on level 3 of the Dungeon.
You were not hungry.

You visited 1 branch of the dungeon, and saw 3 of its levels.

You collected 74 gold pieces.

Inventory:

Hand Weapons
 a - a +0 morningstar (weapon)
Missiles
 b - 63 stones (quivered)
Armour
 c - a +0 robe (worn)
Magical Staves
 e - an uncursed staff of fire
Jewellery
 k - a +3 ring of strength (left hand)
 l - a +3 ring of intelligence (right hand)
Scrolls
 m - a scroll of blinking {unknown}
Potions
 g - a potion of ambrosia
 h - a potion of haste {unknown}
 i - a potion of flight {unknown}
 j - a potion of degeneration {unknown}
 n - a potion of agility {unknown}
Comestibles
 d - 6 rations
 f - 4 chunks of flesh


   Skills:
 - Level 2.0 Dodging
 - Level 2.1 Stealth
 + Level 2.7 Spellcasting
   Level 0.7 Transmutations
 + Level 4.4 Earth Magic


You had 6 spell levels left.
You knew the following spells:

 Your Spells              Type           Power        Failure   Level  Hunger
a - Sandblast             Erth           ###...       2%          1    None

Your spell library contained the following spells:

 Spells                   Type           Power        Failure   Level  Hunger
 Passwall                 Tmut/Erth      ##......     9%          2    ##.....
 Stone Arrow              Conj/Erth      ##....       19%         3    ###....
 Petrify                  Tmut/Erth      ##......     47%         4    ####...
 Lee's Rapid Deconstruct  Erth           ###.......   56%         5    ######.


Dungeon Overview and Level Annotations

Branches:
Dungeon (3/15)

Altars:


Innate Abilities, Weirdness & Mutations

You are resistant to torment.
Your stone body is resilient. (AC +3)
You are immune to poison.
You resist negative energy. (rN+)
You are resistant to electric shocks. (rElec)
You can survive without breathing.
You are immune to petrification.
You are immune to rotting.


Message History

You barely miss the worm. The worm barely misses you.
You barely miss the worm. The worm misses you.
You hit the worm.
The worm is lightly wounded.
The worm bites you.
You sock the worm!
The worm is severely wounded.
The worm bites you!
You completely miss the worm.
The worm is severely wounded.
Casting: Sandblast (safe; 2% risk of failure)
Confirm with . or Enter, or press ? or * to list all spells.
Aiming: Sandblast (safe; 2% risk of failure)
Press: ? - help, Shift-Dir - straight line, f - worm
Aim: a worm (severely wounded)
The blast of sand misses the worm.
b - 63 stones The worm bites you!
Ouch! That really hurt!
You die...

###############
.............
#.........#
#.........#
#.........#
##+#####^#...#.###
.......#.........###
......w@$...#..##..##
...........#..#.###.#
#....#.......#.#.####
#... #....#..÷..###
#.. #........###.# #.
..#......#....# #
..#...#...#.###
#......#..#.###
#..........#..#


You could see a worm.

Vanquished Creatures
  2 worms
  A dart slug (D:3)
  A leopard gecko (D:2)
  3 orcs (D:3)
  A giant cockroach (D:2)
  2 goblins (D:2)
  4 hobgoblins
  2 quokkas (D:3)
  2 ball pythons (D:2)
  6 bats
  5 frilled lizards
  3 kobolds
32 creatures vanquished.

Notes
Turn   | Place    | Note
-------+----------+-------------------------------------------
     0 | D:1      | RedPan the Gargoyle Earth Elementalist began the quest for
                  | the Orb.
     0 | D:1      | Reached XP level 1. HP: 10/10 MP: 3/3
   633 | D:2      | Reached XP level 2. HP: 15/15 MP: 1/5
   986 | D:2      | Reached skill level 4 in Earth Magic
  1489 | D:2      | Reached XP level 3. HP: 13/19 MP: 6/6
  2094 | D:3      | Slain by a worm

Levels and vault maps discovered:
D:1:      saegor_arrival_simple_a, layout_loops_cross
D:2:      layout_basic, first_ration
D:3:      layout_basic, serial_bayou_pond_c, serial_bayou_lagoon_a,
          minmay_increasing_density, uniq_jessica

Skill      XL: |  1  2 |
---------------+-------+-----
Earth Magic    | 4 |  4.4
Dodging        | 2 |  2.0
Stealth        | |  2.1
Spellcasting   | |  2.7
Transmutations | |  0.7

Action                   || total
-------------------------++-------
Melee: Hand axe          ||    65
       Club              ||     4
       Unarmed           ||     3
       Morningstar       ||    32
 Cast: Sandblast         ||    16
  Use: Scroll            ||     3
 Stab: Sleeping          ||     2
  Eat: Chunk             ||     4
Armor: Robe              ||    33
Dodge: Dodged            ||    85

Table legend:
 A = Non-vault XP
 B = Vault XP
 C = Vault XP percentage of total XP
 D = Non-vault monster count
 E = Vault monster count
 F = Vault count percentage of total count
                 A         B        C        D         E       F
            +---------+---------+-------+---------+---------+-------
      Total |      45 |      16 |  26.2 |      26 |       6 |  18.8
            +---------+---------+-------+---------+---------+-------
        D:1 |       8 |       0 |   0.0 |       6 |       0 |   0.0
        D:2 |      27 |       0 |   0.0 |      16 |       0 |   0.0
        D:3 |      10 |      16 |  61.5 |       4 |       6 |  60.0
            +---------+---------+-------+---------+---------+-------
